 Dungeon Crawl Stone Soup version 0.28.0-53-g5a82cb258f (webtiles) character file.

Game seed: 8587692803207507914

7 protoss039 the Digger (level 1, -2/14 HPs)
             Began as a Demonspawn Earth Elementalist on June 15, 2022.
             Slain by a kobold
             ... wielding a +0 short sword
              (4 damage)
             ... on level 1 of the Dungeon.
             The game lasted 00:00:40 (696 turns).

protoss039 the Digger (DsEE)                         Turns: 696, Time: 00:00:40

Health: -2/14      AC:  2    Str:  8    XL:     1   Next: 91%
Magic:  2/3        EV: 12    Int: 16    God:
Gold:   22         SH:  0    Dex: 13    Spells: 3/4 levels left

rFire   . . .      SeeInvis .   d - +0 war axe
rCold   . . .      Faith    .   (no shield)
rNeg    . . .      Spirit   .   b - +0 robe
rPois   .          Reflect  .   (no helmet)
rElec   .          Harm     .   (no cloak)
rCorr   .          Rampage  .   (no gloves)
Will    .....                   (no boots)
Stlth   ++........              (no amulet)
HPRegen 0.04/turn               (no ring)
MPRegen 0.08/turn               (no ring)

@: no status effects
A: no striking features
a: no special abilities


You were on level 1 of the Dungeon.
You visited 1 branch of the dungeon, and saw 1 of its levels.

You collected 22 gold pieces.

Inventory:

Hand Weapons
 d - a +0 war axe (weapon)
Missiles
 c - 19 stones
Armour
 b - a +0 robe (worn)
Scrolls
 a - a scroll of identify {unknown}


   Skills:
 * Level 0.8 Fighting
 + Level 0.4 Armour
 - Level 1.7 Dodging
 - Level 1.7 Stealth
 + Level 2.1 Spellcasting
 - Level 1.0 Transmutations
 + Level 2.7 Earth Magic


You had 3 spell levels left.
You knew the following spells:

 Your Spells              Type           Power      Damage    Failure   Level
a - Sandblast             Erth           20%        2d7       7%          1

Your spell library contained the following spells:

 Spells                   Type           Power      Damage    Failure   Level
 Passwall                 Tmut/Erth      5%         N/A       14%         2
 Stone Arrow              Conj/Erth      12%        3d7       34%         3
 Petrify                  Tmut/Erth      7%         N/A       67%         4


Dungeon Overview and Level Annotations

Branches:
Dungeon (1/15)

Altars:


Message History

Confirm with . or Enter, or press ? or * to list all spells.
Aiming: Sandblast (safe; 7% risk of failure)
Press: ? - help, Shift-Dir - straight line, f/p - quokka
Aim: a quokka (almost dead, 71% to hit)
The blast of sand hits the quokka!
You kill the quokka!
Unknown command.
A kobold comes into view. It is wielding a +0 short sword.
A kobold is nearby!
A kobold is nearby!
A kobold is nearby!
The kobold shouts!
The kobold hits you with a +0 short sword.
Unknown command.
You closely miss the kobold.
The kobold hits you with a +0 short sword. x2
Unknown command.
You are too injured to fight recklessly!
Unknown command.
You are too injured to fight recklessly!
Unknown command.
You are too injured to fight recklessly!
Unknown command.
You are too injured to fight recklessly!
Unknown command.
Casting: Sandblast (safe; 7% risk of failure)
Confirm with . or Enter, or press ? or * to list all spells.
Aiming: Sandblast (safe; 7% risk of failure)
Press: ? - help, Shift-Dir - straight line, f - kobold
Aim: a kobold, wielding a +0 short sword (74% to hit)
The blast of sand hits the kobold but does no damage.
The kobold barely misses you.
Unknown command.
You barely miss the kobold.
The kobold hits you with a +0 short sword.
You barely miss the kobold.
The kobold hits you with a +0 short sword.
* * * LOW HITPOINT WARNING * * *
The kobold hits you with a +0 short sword.
You die...

#.# #.##.#.##.# #.###
########....#....#
#...###........#######.#
#.......######....#....#
#...##### #.##.#.##.#
#..## #.##.#.##.# #..#
#......##.# ####..#
######......##.# #.(...#
#..K@.....>....#
##..#..#
#.####......####
.......# #......#
#####..[.# #......# #
#..#.# ###.##.# # #..#.#
#.# .# # .... . ..# .# #
#..#... #


You could see a kobold.

Vanquished Creatures
  2 giant cockroaches (D:1)
  A hobgoblin (D:1)
  A quokka (D:1)
  A ball python (D:1)
  2 frilled lizards (D:1)
7 creatures vanquished.

Notes
Turn   | Place    | Note
-------+----------+-------------------------------------------
     0 | D:1      | protoss039 the Demonspawn Earth Elementalist began the
                  | quest for the Orb.
     0 | D:1      | Reached XP level 1. HP: 13/13 MP: 3/3
    46 | D:1      | Reached skill level 1 in Transmutations
   696 | D:1      | Slain by a kobold

Illustrated notes

Levels and vault maps discovered:
D:1:      lemuel_arrival_hallway, layout_loops_ring,
          shapermc_ecumenical_altar_mp_vishouse, minmay_split_cup_large

Skill      XL: |  1 |
---------------+----+-----
Transmutations | 1 |  1.0
Fighting       | |  0.8
Armour         | |  0.4
Dodging        | |  1.7
Stealth        | |  1.7
Spellcasting   | |  2.1
Earth Magic    | |  2.7

Action                   || total
-------------------------++-------
Melee: Unarmed           ||     7
       War axe           ||     5
       Punch             ||     1
 Cast: Sandblast         ||    11
Armor: Robe              ||     2
Dodge: Dodged            ||     8
